 Dungeon Crawl Stone Soup version 0.22-a0-351-g29664b4 (webtiles) character file.

102 Amnesiac the Bolt Thrower (level 4, -1/22 HPs)
             Began as a Spriggan Hunter on Apr 12, 2018.
             Slain by a worker ant zombie (6 damage)
             ... on level 3 of the Dungeon.
             The game lasted 00:03:56 (2332 turns).

Amnesiac the Bolt Thrower (Spriggan Hunter)         Turns: 2332, Time: 00:03:57

Health: -1/22      AC:  2    Str:  9    XL:     4   Next: 49%
Magic:  5/5        EV: 18    Int: 12    God:
Gold:   117        SH:  0    Dex: 16    Spells: 3/3 levels left

rFire    . . .     SeeInvis +   a - +1 hand crossbow
rCold    . . .     Gourm    .   (shield restricted)
rNeg     . . .     Faith    .   c - +0 robe
rPois    .         Spirit   .   (helmet restricted)
rElec    .         Reflect  .   (no cloak)
rCorr    .         Harm     .   (gloves unavailable)
MR       .....                  (boots unavailable)
Stlth    ++........             (no amulet)
HPRegen  0.07/turn              (no ring)
MPRegen  0.09/turn              (no ring)

@: very quick
A: very small, unfitting armour, see invisible, herbivore, speed 3, slow
metabolism 2
a: no special abilities


You were on level 3 of the Dungeon.
You were not hungry.

You visited 1 branch of the dungeon, and saw 3 of its levels.

You collected 117 gold pieces.

Inventory:

Hand Weapons
 a - a +1 hand crossbow (weapon)
 b - a +1 dagger of draining
 l - a +0 dagger
Missiles
 d - 9 bolts (quivered)
Armour
 c - a +0 robe (worn)
Jewellery
 k - a +5 amulet of reflection {unknown}
 m - an uncursed ring of ice
Scrolls
 e - 3 scrolls of fear {!r}
 h - a scroll of teleportation {!r}
Potions
 g - a potion of cancellation {!q, unknown}
 i - a potion of lignification {!q}
 j - 2 potions of curing {!q}
 n - a potion of brilliance {!q}
Comestibles
 f - 2 rations


   Skills:
 - Level 1.5 Fighting
 + Level 6.0 Crossbows
 - Level 3.0 Dodging
 - Level 1.5 Stealth


You had 3 spell levels left.
You didn't know any spells.

Dungeon Overview and Level Annotations

Branches:
Dungeon (3/15)

Altars:

Annotations:
D:3 Amnesiac's ghost, amateur SpHu


Innate Abilities, Weirdness & Mutations

You are very small and have problems with some larger weapons.
You are too small for most types of armour.
You have supernaturally acute eyesight. (SInv)
You are a herbivore.
You cover ground extremely quickly.
You need to consume almost no food.


Message History

The hobgoblin is moderately wounded.
The hobgoblin hits you with a club.
* * * LOW HITPOINT WARNING * * *
You open the door.
There is an open door here.
a - a +1 hand crossbow (weapon)
Firing (i - inventory)
d - 18 bolts (quivered)
Press: ? - help, Shift-Dir - straight line, f - worker ant zombie
Aim: a worker ant zombie You shoot a bolt.
The bolt completely misses the worker ant zombie.
Firing (i - inventory)
d - 17 bolts (quivered)
Press: ? - help, Shift-Dir - straight line, f/p - worker ant zombie
Aim: a worker ant zombie You shoot a bolt.
The bolt hits the worker ant zombie.
The worker ant zombie is lightly damaged.
Firing (i - inventory)
d - 16 bolts (quivered)
Press: ? - help, Shift-Dir - straight line, f/p - worker ant zombie
Aim: a worker ant zombie (lightly damaged)
You shoot a bolt. The bolt hits the worker ant zombie!
The worker ant zombie is moderately damaged.
The worker ant zombie bites you.
* * * LOW HITPOINT WARNING * * *
Firing (i - inventory)
d - 15 bolts (quivered)
Press: ? - help, Shift-Dir - straight line, f/p - worker ant zombie
Aim: a worker ant zombie (moderately damaged)
You shoot a bolt. The bolt hits the worker ant zombie.
The worker ant zombie is heavily damaged.
Firing (i - inventory)
d - 14 bolts (quivered)
Press: ? - help, Shift-Dir - straight line, f/p - worker ant zombie
Aim: a worker ant zombie (heavily damaged)
You shoot a bolt.
The bolt barely misses the worker ant zombie.
The bolt barely misses the hobgoblin.
The bolt barely misses the frilled lizard.
The worker ant zombie misses you.
The worker ant zombie completely misses you.
Firing (i - inventory)
d - 13 bolts (quivered)
Press: ? - help, Shift-Dir - straight line, f/p - worker ant zombie
Aim: a worker ant zombie (heavily damaged)
You shoot a bolt.
The bolt hits the worker ant zombie but does no damage.
The worker ant zombie is heavily damaged.
The worker ant zombie bites you.
* * * LOW HITPOINT WARNING * * *
Firing (i - inventory)
d - 12 bolts (quivered)
Press: ? - help, Shift-Dir - straight line, f/p - worker ant zombie
Aim: a worker ant zombie (heavily damaged)
You shoot a bolt.
The bolt completely misses the worker ant zombie.
The worker ant zombie closely misses you.
Firing (i - inventory)
d - 11 bolts (quivered)
Press: ? - help, Shift-Dir - straight line, f/p - worker ant zombie
Aim: a worker ant zombie (heavily damaged)
You shoot a bolt.
The bolt barely misses the worker ant zombie.
The worker ant zombie closely misses you.
Firing (i - inventory)
d - 10 bolts (quivered)
Press: ? - help, Shift-Dir - straight line, f - frilled lizard, p - worker ant zombie
Aim: a frilled lizard You shoot a bolt.
The bolt hits the worker ant zombie.
The worker ant zombie is severely damaged.
The worker ant zombie bites you.
You die...

#..............# ...............#
..............# .............
#......... #.......#
#.......###### #(....(.lgZ@.#
#.......####.# ... ##
######.......# #.# ..... #.
.............# #.####......##.##
.............####................
..........)......(..........##...
.......####......................
.......# #............###.......
######## #............###.......


You could see a worker ant zombie, a hobgoblin and a frilled lizard.

Vanquished Creatures
  4 adders (D:2)
  A worm (D:3)
  A dart slug (D:1)
  3 leopard geckos
  4 giant cockroaches
  8 goblins
  9 hobgoblins
  7 jackals
  A quokka (D:2)
  3 bats (D:2)
  5 frilled lizards
  5 kobolds
  4 rats (D:1)
55 creatures vanquished.

Notes
Turn   | Place    | Note
-------+----------+-------------------------------------------
     0 | D:1      | Amnesiac the Spriggan Hunter began the quest for the Orb.
     0 | D:1      | Reached XP level 1. HP: 10/10 MP: 2/2
   134 | D:1      | Reached XP level 2. HP: 14/14 MP: 3/3
  1118 | D:2      | Reached skill level 5 in Crossbows
  1174 | D:2      | Reached XP level 3. HP: 18/18 MP: 4/4
  1570 | D:2      | Reached XP level 4. HP: 18/22 MP: 5/5
  2086 | D:3      | Noticed Amnesiac's ghost (amateur SpHu)
  2104 | D:3      | Reached skill level 6 in Crossbows
  2332 | D:3      | Slain by a worker ant zombie

Vault maps used:
D:1:      kennysheep_arrival_forest
D:3:      cheibrodos_old_hovel, first_ration

Skill      XL: |  1  2  3  4 |
---------------+-------------+-----
Crossbows      | 5 6 |  6.0
Fighting       | |  1.5
Dodging        | |  3.0
Stealth        | |  1.5

Action                   |  1- 3 |  4- 6 || total
-------------------------+-------+-------++-------
Melee: Short sword       |    54 |       ||    54
       Dagger            |    84 |    64 ||   148
 Fire: Hand crossbow     |     7 |    22 ||    29
  Use: Scroll            |     5 |     1 ||     6
       Potion            |     2 |       ||     2
 Stab: Sleeping          |     4 |     1 ||     5
Armor: Robe              |     9 |    10 ||    19
Dodge: Dodged            |   111 |    63 ||   174

Table legend:
 A = Spawn XP
 B = Non-spawn XP
 C = Spawn XP percentage of total XP
 D = Spawn monster count
 E = Non-spawn monster count
 F = Spawn count percentage of total count
 G = Total turns spent on level
                    A         B        C        D         E        F      G
               +---------+---------+-------+---------+---------+-------+---------
         Total |       0 |     146 |   0.0 |       0 |      55 |   0.0 |  2332
               +---------+---------+-------+---------+---------+-------+---------
           D:1 |       0 |      33 |   0.0 |       0 |      19 |   0.0 |  1115
           D:2 |       0 |      95 |   0.0 |       0 |      28 |   0.0 |   889
           D:3 |       0 |      18 |   0.0 |       0 |       8 |   0.0 |   328
               +---------+---------+-------+---------+---------+-------+---------
